 Dungeon Crawl Stone Soup version 0.29.1-15-g9cfb28693d (webtiles) character file.

Game seed: 2641964221956071618

2597 fleeber the Carver (level 9, -2/61 HPs)
             Began as a Merfolk Gladiator on Mar 4, 2023.
             Was an Initiate of Ashenzari.
             Slain by an orc knight
             ... wielding a +0 glaive
              (15 damage)
             ... in a bailey on Mar 6, 2023.
             The game lasted 00:21:31 (8682 turns).

fleeber the Carver (Merfolk Gladiator)              Turns: 8682, Time: 00:21:32

Health: -2/61      AC: 10    Str: 14    XL:     9   Next: 59%
Magic:  13/15      EV: 11    Int:  7    God:    Ashenzari [......]
Gold:   365        SH:  5    Dex: 26    Spells: 13/16 levels left

rFire   . . .      SeeInvis .   a - +0 long sword
rCold   . . .      Faith    .   n - +0 buckler
rNeg    . . .      Spirit   .   s - +0 scale mail
rPois   .          Reflect  .   (helmet currently unavailable)
rElec   .          Harm     .   (no cloak)
rCorr   .          Rampage  .   (no gloves)
Will    .....                   (boots currently unavailable)
Stlth   +.........              (no amulet)
HPRegen 0.20/turn               v - +4 ring of protection
MPRegen 0.14/turn               q - +6 ring of dexterity

@: appendages
A: horns 2, (nimble swimmer 2), mertail
a: End Transformation, Renounce Religion


You were in a bailey.
You worshipped Ashenzari.
Ashenzari was noncommittal.
You had temporarily grown beastly horns.
You visited 2 branches of the dungeon, and saw 8 of its levels.
You also visited: Bailey.

You collected 365 gold pieces.

Inventory:

Hand Weapons
 a - a +0 long sword (weapon)
Missiles
 d - 6 throwing nets
 k - 31 stones (quivered)
 w - a javelin
Armour
 c - a +0 helmet (melded)
 n - a +0 buckler (worn)
 s - a +0 scale mail (worn)
Jewellery
 i - a ring of see invisible
 q - a +6 ring of dexterity (right hand)
 v - a +4 ring of protection (left hand)
Wands
 e - a wand of acid (1)
 m - a wand of flame (27)
Scrolls
 b - a scroll of fog {unknown}
 g - a scroll of vulnerability
 h - a scroll of magic mapping
 j - 3 scrolls of blinking {unknown}
 l - 2 scrolls of enchant armour {unknown}
 o - 8 scrolls of identify {unknown}
 p - 2 scrolls of silence {unknown}
 y - a scroll of poison {unknown}
 A - a scroll of enchant weapon {unknown}
 B - 2 scrolls of brand weapon {unknown}
 C - a scroll of teleportation {unknown}
 D - a scroll of noise {unknown}
Potions
 f - 3 potions of curing
 r - a potion of heal wounds
 t - 2 potions of brilliance {unknown}
 u - 3 potions of flight {unknown}
 x - a potion of attraction {unknown}
 z - 2 potions of lignification {unknown}
 E - a potion of degeneration {unknown}
 F - 3 potions of resistance {unknown}
 G - a potion of ambrosia {unknown}
 H - a potion of mutation {unknown}


   Skills:
 - Level 2.1 Fighting
 * Level 12.3 Long Blades
 - Level 2.0 Throwing
 - Level 4.0 Dodging
 - Level 1.0 Shields
 - Level 4.0 Spellcasting
 + Level 8.2 Transmutations


You had 13 spell levels left.
You knew the following spells:

 Your Spells              Type           Power      Damage    Failure   Level
a - Beastly Appendage     Tmut           24%        N/A       6%          1
b - Wereblood             Tmut           12%        N/A       10%         2

Your spell library contained the following spells:

 Spells                   Type           Power      Damage    Failure   Level
 Spider Form              Tmut/Pois      7%         N/A       71%         3
 Freeze                   Ice            4%         1d3       88%         1
 Frozen Ramparts          Ice            2%         1d1       99%         3
 Hailstorm                Conj/Ice       1%         3d3       100%        4


Dungeon Overview and Level Annotations

Branches:
Dungeon (7/15)             Temple (1/1) D:6          Bailey (1/1)

Altars:
Ashenzari
Cheibriados
Dithmenos
Elyvilon
Gozag
Hepliaklqana
Makhleb
Nemelex Xobeh
Okawaru
Qazlal
Sif Muna
Trog
Uskayaw
Vehumet
Wu Jian
Yredelemnul
Zin
The Shining One

Annotations:
D:3 exclusion: downstairs


Innate Abilities, Weirdness & Mutations

You have temporarily grown beastly horns.
((You are very nimble when in or above water. (Stealth+, EV+, Speed+++)))
Your lower body shifts to a powerful aquatic tail in water.


Message History

HP restored.
Your legs become a tail as you enter the water.
Things that are here:
a +0 halberd; a +0 scale mail; an orc skeleton
Things that are here:
a +0 spear; a +0 ring mail; an orc corpse You open the door. 2 orc warriors come into view.
The orc warrior shouts! x2
An orc knight comes into view. It is wielding a +0 glaive.
Found a gate leading back out of this place.
An orc knight comes into view. It is wielding a +0 glaive.
The orc knight shouts!
The orc knight roars a battlecry!
The orc warrior goes into a battle-frenzy!
The orc knight moves out of view.
Things that are here:
a +0 spear; a +0 ring mail; an orc skeleton Your legs become a tail as you enter the water.
Your legs become a tail as you enter the water.
You grow a pair of large bovine horns.
Your +0 helmet melds into your body.
You miscast Wereblood.
You are very lightly contaminated with residual magic.
Nothing appears to happen.
You block the orc warrior's attack. The orc knight misses you.
The orc warrior closely misses you.
The orc knight roars a battlecry!
The orc warrior goes into a battle-frenzy!
You hit the orc knight but do no damage.
The orc warrior hits you from afar with a +0 glaive!!
The orc knight hits you with a +0 glaive!!
You barely miss the orc knight. Your headbutt misses the orc knight.
The orc warrior hits you from afar with a +0 glaive!
* * * LOW HITPOINT WARNING * * *
Your magical contamination has completely faded away.
You barely miss the orc knight.
You headbutt the orc knight, but do no damage.
The orc knight hits you with a +0 glaive!
You die...

#.)~~..##########
##).~~..........#
.∩.##).~~~~~~~~~~.#
. ##....o.....~.#
#'#########)~.# ...
##.~.# ≈§≈§.
##..~.# §.§.≈§
##.))o.# oo⌠.o.
#..~~@∩# .⌠...≈
#+#..)~.## ....≈≈
##.##..~~o#
#...##..~.#
.....##.~.#
##########.~.#
##..........~.#
##..~~~~~~~~~~.# #
##..)~..........#


You could see an orc knight and an orc warrior (strong).

Vanquished Creatures
  Sigmund (D:4)
  A water moccasin (D:7)
  5 orc warriors
  2 ice beasts
  An ogre (D:5)
  A centaur (D:6)
  5 phantoms (D:5)
  Blork the orc (D:6)
  A necrophage (D:5)
  4 scorpions
  A howler monkey (D:5)
  2 jellies (D:5)
  2 orc priests
  3 hounds (D:5)
  Ijyb (D:3)
  Jessica (D:3)
  Terence (D:2)
  3 iguanas (D:5)
  3 orc wizards
  Robin (D:4)
  6 gnolls
  6 adders
  2 white imps
  4 worms
  2 dart slugs
  31 orcs
  4 endoplasms
  3 giant cockroaches
  16 goblins
  15 hobgoblins
  9 quokkas
  6 ball pythons
  6 bats
  5 frilled lizards
  3 kobolds (D:1)
  8 rats
166 creatures vanquished.

Notes
Turn   | Place    | Note
-------+----------+-------------------------------------------
     0 | D:1      | fleeber the Merfolk Gladiator began the quest for the Orb.
     0 | D:1      | Reached XP level 1. HP: 16/16 MP: 1/1
   194 | D:1      | Reached skill level 4 in Long Blades
   194 | D:1      | Reached XP level 2. HP: 10/22 MP: 2/2
   203 | D:1      | Reached skill level 1 in Transmutations
   490 | D:1      | Found a faded altar of an unknown god.
  1169 | D:2      | Reached XP level 3. HP: 27/27 MP: 4/4
  1190 | D:2      | Reached skill level 1 in Spellcasting
  1261 | D:2      | Noticed Terence
  1301 | D:2      | Killed Terence
  1302 | D:2      | Reached XP level 4. HP: 7/33 MP: 5/5
  1585 | D:2      | Reached skill level 5 in Long Blades
  2634 | D:3      | Noticed Ijyb
  2646 | D:3      | Killed Ijyb
  2647 | D:3      | Reached XP level 5. HP: 26/38 MP: 7/7
  3324 | D:3      | Noticed Jessica
  3326 | D:3      | Killed Jessica
  3327 | D:3      | Reached skill level 1 in Shields
  3421 | D:3      | Reached skill level 6 in Long Blades
  3613 | D:3      | Reached XP level 6. HP: 42/44 MP: 9/9
  3948 | D:3      | Learned a level 1 spell: Beastly Appendage
  3951 | D:3      | Learned a level 2 spell: Wereblood
  4031 | D:4      | Found a white marble altar of Elyvilon.
  4042 | D:4      | Noticed Robin
  4057 | D:4      | Killed Robin
  4227 | D:4      | Noticed Sigmund
  4341 | D:4      | Killed Sigmund
  4342 | D:4      | Reached skill level 7 in Long Blades
  4342 | D:4      | Reached XP level 7. HP: 50/50 MP: 9/11
  4731 | D:5      | Entered Level 5 of the Dungeon
  4958 | D:5      | Reached skill level 5 in Transmutations
  5051 | D:5      | Reached skill level 8 in Long Blades
  5090 | D:5      | Reached XP level 8. HP: 41/56 MP: 13/13
  5389 | D:5      | Reached skill level 9 in Long Blades
  5808 | D:5      | Reached skill level 10 in Long Blades
  6578 | D:5      | Reached XP level 9. HP: 53/61 MP: 15/15
  6649 | D:6      | Reached skill level 11 in Long Blades
  6782 | D:6      | Noticed Blork the orc
  7198 | D:6      | Killed Blork the orc
  7244 | D:6      | Identified the +2 spear of Amu Feem {freeze, *Rage rElec
                  | rF+ Str+4}
  7361 | D:6      | Found a staircase to the Ecumenical Temple.
  7508 | Temple   | Entered the Ecumenical Temple
  7803 | Temple   | Became a worshipper of Ashenzari the Shackled
  7928 | D:7      | Found a flagged portal.
  7960 | Bailey   | Entered a bailey
  7991 | Bailey   | Reached skill level 12 in Long Blades
  8645 | Bailey   | Noticed an orc knight
  8646 | Bailey   | Noticed an orc knight
  8682 | Bailey   | Slain by an orc knight

Illustrated notes

Levels and vault maps discovered:
D:1:      dpeg_arrival_pits, layout_loops_cross, ebering_ecumenical_altar_rust,
          grunt_decor_clamped, minmay_three_crescents
D:2:      layout_loops_cross, uniq_terence
D:3:      layout_loops_cross, cheibrodos_sewer_entry_bend,
          kennysheep_small_spiral, uniq_ijyb, uniq_jessica
D:4:      layout_loops_ring, amcnicky_altar_gilded, uniq_robin, uniq_sigmund
D:5:      minmay_recursive_quarters, layout_loops_ring,
          kennysheep_generic_room_15
D:6:      layout_cave_pools, temple_green, uniq_blork_the_orc
D:7:      layout_cave_pools, nicolae_ru_awakened_eye, kiku_gazebo_pond_becter,
          enter_bailey_3, uniq_duvessa
Temple:   minmay_temple_bridge_d
Bailey:   bailey_polearm_1, bailey

Skill      XL: |  1  2  3  4  5  6  7  8  9 |
---------------+----------------------------+-----
Long Blades    | 4 5 6 7 8 10 12 | 12.3
Transmutations | 1 2 3 4 5 6 8 |  8.2
Spellcasting   | 1 2 3 4 |  4.0
Shields        | 1 |  1.0
Fighting       | |  2.1
Throwing       | |  2.0
Dodging        | |  4.0

Action                   |  1- 3 |  4- 6 |  7- 9 || total
-------------------------+-------+-------+-------++-------
Melee: Long sword        |    93 |   187 |   369 ||   649
       Punch             |     2 |       |       ||     2
       Tailslap          |       |     1 |     1 ||     2
       Headbutt          |       |       |    12 ||    12
Throw: Javelin           |       |     1 |       ||     1
       Stone             |       |       |     2 ||     2
 Cast: Beastly Appendage |       |       |     8 ||     8
       Wereblood         |       |       |     3 ||     3
Evoke: Wand              |       |     7 |     3 ||    10
  Use: Potion            |     2 |     1 |     3 ||     6
       Scroll            |     2 |       |       ||     2
 Stab: Sleeping          |     5 |     1 |       ||     6
Armor: Leather armour    |    24 |     9 |       ||    33
       Scale mail        |       |    62 |   120 ||   182
Dodge: Dodged            |    85 |   132 |   162 ||   379
Block: Buckler           |       |    34 |    96 ||   130
